MLB
BALTIMORE ORIOLES @ OAKLAND ATHLETICS
05/05/2018
 
TOP OF THE 1ST
Baltimore Orioles batting - Pitching for Oakland Athletics : LHP J.A. Happ
Pitching: LHP J.A. Happ
Batting: SHB Dexter Fowler 0-0: Ball
1-0: Fly out, F9 (Flyball, 9)
Batting: LHB Nomar Mazara 0-0: Ball
1-0: Ball
2-0: Ground out 4-3 (Groundball, 34)
Batting: LHB Rafael Devers 0-0: Ball
1-0: SINGLE (Line Drive, 89S)
Batting: RHB Jose Abreu 0-0: Ball
1-0: Ball
2-0: Called Strike
2-1: Foul Ball, location: 2F
2-2: Ball
3-2: Strikes out swinging
Top of the 1st over - 0 runs, 1 hit, 0 errors, 1 left on base; Baltimore 0 - Oakland 0
BOTTOM OF THE 1ST
Oakland Athletics batting - Pitching for Baltimore Orioles : LHP Carlos Rodon
Pitching: LHP Carlos Rodon
Batting: RHB DJ LeMahieu 0-0: SINGLE (Groundball, 6D)
Batting: SHB Kaleb Cowart 0-0: Ball
1-0: Ball
2-0: Fly out, F9 (Flyball, 89XD)
Batting: RHB Cam Gallagher 0-0: Ball
1-0: Fly out, F7 (Flyball, 78S)
Batting: RHB Paul Goldschmidt 0-0: Ball
1-0: Ball
2-0: Ball
3-0: Called Strike
3-1: Base on Balls
DJ LeMahieu to second
Batting: RHB Rhys Hoskins 0-0: Ball
1-0: Ball
2-0: Ball
3-0: Called Strike
3-1: Swinging Strike
3-2: Base on Balls
DJ LeMahieu to third
Paul Goldschmidt to second
Pitching: RHP Jimmie Sherfy
Batting: RHB Guillermo Heredia 0-0: Called Strike
0-1: Called Strike
0-2: Foul Ball, location: 2F
0-2: Foul Ball, location: 2F
0-2: Fielders Choice at 2nd, 6-4 (Groundball, 56)
Bottom of the 1st over - 0 runs, 1 hit, 0 errors, 3 left on base; Baltimore 0 - Oakland 0
TOP OF THE 2ND
Baltimore Orioles batting - Pitching for Oakland Athletics : LHP J.A. Happ
Batting: LHB Shohei Ohtani 0-0: Called Strike
0-1: Called Strike
0-2: Ground out 4-3 (Groundball, 34)
Batting: SHB Jorge Polanco 0-0: Ball
1-0: Called Strike
1-1: Ball
2-1: Called Strike
2-2: SINGLE (Line Drive, 9S)
Batting: RHB Albert Almora 0-0: Fly out, F8 (Line Drive, 8RM)
Batting: LHB Stephen Vogt 0-0: Called Strike
0-1: Ball
1-1: Swinging Strike
1-2: 2-RUN HOME RUN (Line Drive, 9LD), Distance : 360 ft
Batting: RHB Orlando Arcia 0-0: Called Strike
0-1: Ball
1-1: SINGLE (Flyball, 89S)
Batting: SHB Dexter Fowler 0-0: Ball
1-0: Swinging Strike
1-1: Foul Ball, location: 2F
1-2: Strikes out looking
Top of the 2nd over - 2 runs, 3 hits, 0 errors, 1 left on base; Baltimore 2 - Oakland 0
BOTTOM OF THE 2ND
Oakland Athletics batting - Pitching for Baltimore Orioles : RHP Jimmie Sherfy
Batting: RHB Chris Owings 0-0: Fly out, F8 (Line Drive, 8RM)
Batting: LHB Herschel Powell 0-0: Foul Ball, location: 2F
0-1: Fly out, F7 (Flyball, 7S)
Batting: RHB James McCann 0-0: Ball
1-0: Ball
2-0: Called Strike
2-1: Ball
3-1: Swinging Strike
3-2: Strikes out swinging
Bottom of the 2nd over - 0 runs, 0 hits, 0 errors, 0 left on base; Baltimore 2 - Oakland 0
TOP OF THE 3RD
Baltimore Orioles batting - Pitching for Oakland Athletics : LHP J.A. Happ
Batting: LHB Nomar Mazara 0-0: Called Strike
0-1: Fly out, F8 (Flyball, 8RM)
Batting: LHB Rafael Devers 0-0: Swinging Strike
0-1: Ball
1-1: Ball
2-1: Foul Ball, location: 2F
2-2: Ball
3-2: Foul Ball, location: 2F
3-2: Foul Ball, location: 2F
3-2: Strikes out swinging
Batting: RHB Jose Abreu 0-0: Ball
1-0: Ground out U3 (Groundball, 34S)
Top of the 3rd over - 0 runs, 0 hits, 0 errors, 0 left on base; Baltimore 2 - Oakland 0
BOTTOM OF THE 3RD
Oakland Athletics batting - Pitching for Baltimore Orioles : RHP Jimmie Sherfy
Batting: RHB DJ LeMahieu 0-0: SINGLE (Groundball, 56D)
Batting: SHB Kaleb Cowart 0-0: Swinging Strike
0-1: Ball
1-1: Foul Ball, location: 2F
1-2: Strikes out looking
Batting: RHB Cam Gallagher 0-0: Foul Ball, location: 2F
0-1: Ball
1-1: 2-RUN HOME RUN (Flyball, 8RXD), Distance : 434 ft
Pitching: RHP Darren O'Day
Batting: RHB Paul Goldschmidt 0-0: Foul Ball, location: 2F
0-1: Swinging Strike
0-2: Strikes out swinging
Batting: RHB Rhys Hoskins 0-0: Ball
1-0: Called Strike
1-1: Ball
2-1: Foul Ball, location: 2F
2-2: Foul Ball, location: 2F
2-2: Ball
3-2: SINGLE (Groundball, 56D)
Batting: RHB Guillermo Heredia 0-0: Ball
1-0: Swinging Strike
1-1: Called Strike
1-2: Strikes out swinging
Bottom of the 3rd over - 2 runs, 3 hits, 0 errors, 1 left on base; Baltimore 2 - Oakland 2
TOP OF THE 4TH
Baltimore Orioles batting - Pitching for Oakland Athletics : LHP J.A. Happ
Batting: LHB Shohei Ohtani 0-0: Called Strike
0-1: Foul Ball, location: 2F
0-2: Foul Ball, location: 2F
0-2: Foul Ball, location: 2F
0-2: Foul Ball, location: 2F
0-2: Foul Ball, location: 2F
0-2: Foul Ball, location: 2F
0-2: Strikes out swinging
Batting: SHB Jorge Polanco 0-0: Ball
1-0: Called Strike
1-1: Foul Ball, location: 2F
1-2: Fly out, F7 (Line Drive, 7D)
Batting: RHB Albert Almora 0-0: Fly out, F3 (Line Drive, 3)
Top of the 4th over - 0 runs, 0 hits, 0 errors, 0 left on base; Baltimore 2 - Oakland 2
BOTTOM OF THE 4TH
Oakland Athletics batting - Pitching for Baltimore Orioles : RHP Darren O'Day
Batting: RHB Chris Owings 0-0: Ball
1-0: Ground out 5-3 (Groundball, 56S)
Batting: LHB Herschel Powell 0-0: SINGLE (Line Drive, 56D)
Batting: RHB James McCann 0-0: Ball
1-0: Called Strike
1-1: SINGLE (Line Drive, 9S)
Herschel Powell to second
Batting: RHB DJ LeMahieu 0-0: Grounds into double play, 6-4-3 (Groundball, 6)
Bottom of the 4th over - 0 runs, 2 hits, 0 errors, 1 left on base; Baltimore 2 - Oakland 2
TOP OF THE 5TH
Baltimore Orioles batting - Pitching for Oakland Athletics : LHP J.A. Happ
Batting: LHB Stephen Vogt 0-0: Called Strike
0-1: Ball
1-1: Ground out 3-1 (Groundball, 34)
Batting: RHB Orlando Arcia 0-0: Ball
1-0: Ball
2-0: Foul Ball, location: 2F
2-1: Ball
3-1: SINGLE (Line Drive, 3D)
Batting: SHB Dexter Fowler 0-0: Ball
1-0: Called Strike
1-1: Swinging Strike
1-2: Ball
2-2: Foul Ball, location: 2F
2-2: Ball
3-2: Base on Balls
Orlando Arcia to second
Batting: LHB Nomar Mazara 0-0: Called Strike
Orlando Arcia is caught stealing 3rd base
Dexter Fowler to second
0-1: Ball
1-1: Ball
2-1: Fly out, F8 (Flyball, 8RD)
Top of the 5th over - 0 runs, 1 hit, 0 errors, 1 left on base; Baltimore 2 - Oakland 2
BOTTOM OF THE 5TH
Oakland Athletics batting - Pitching for Baltimore Orioles : RHP Darren O'Day
Pitching: LHP Justin Wilson
Batting: SHB Kaleb Cowart 0-0: Bunt for hit - play at first, batter OUT! 1-3
Batting: RHB Cam Gallagher 0-0: Called Strike
0-1: Swinging Strike
0-2: Ball
1-2: Ball
2-2: Strikes out swinging
Batting: RHB Paul Goldschmidt 0-0: Called Strike
0-1: Foul Ball, location: 2F
0-2: Strikes out swinging
Bottom of the 5th over - 0 runs, 0 hits, 0 errors, 0 left on base; Baltimore 2 - Oakland 2
TOP OF THE 6TH
Baltimore Orioles batting - Pitching for Oakland Athletics : LHP J.A. Happ
Batting: LHB Rafael Devers 0-0: Called Strike
0-1: Swinging Strike
0-2: Ball
1-2: Ball
2-2: Foul Ball, location: 2F
2-2: Foul Ball, location: 2F
2-2: Strikes out looking
Batting: RHB Jose Abreu 0-0: Fly out, F7 (Line Drive, 7D)
Batting: LHB Shohei Ohtani 0-0: Ball
1-0: Ball
2-0: Called Strike
2-1: Called Strike
2-2: Fly out, F8 (Line Drive, 8LD)
Top of the 6th over - 0 runs, 0 hits, 0 errors, 0 left on base; Baltimore 2 - Oakland 2
BOTTOM OF THE 6TH
Oakland Athletics batting - Pitching for Baltimore Orioles : LHP Justin Wilson
Batting: RHB Rhys Hoskins 0-0: Ball
1-0: SOLO HOME RUN (Flyball, 78XD), Distance : 414 ft
Batting: RHB Guillermo Heredia 0-0: Ball
1-0: Called Strike
1-1: Foul Ball, location: 2F
1-2: Hit by Pitch
Pitching: RHP Pedro Strop
Batting: RHB Chris Owings 0-0: Swinging Strike
0-1: Foul Ball, location: 2F
0-2: Foul Ball, location: 2F
0-2: Ball
1-2: Foul Ball, location: 2F
1-2: Ball
2-2: Fly out, F3 (Line Drive, 3)
Pitching: LHP Adalberto Mejia
Batting: LHB Herschel Powell 0-0: Ball
Guillermo Heredia steals 2nd base
1-0: Foul Ball, location: 2F
1-1: Ball
2-1: Ball
3-1: Foul Ball, location: 2F
3-2: Foul Ball, location: 2F
3-2: Base on Balls
Pitching: RHP Joe Jimenez
Batting: RHB James McCann 0-0: Ball
Guillermo Heredia steals 3rd base
1-0: Foul Ball, location: 2F
1-1: Fly out, F9 (Flyball, 9)
Runner from 3rd tags up, SCORES, throw made
Batting: RHB DJ LeMahieu 0-0: Ball
1-0: Swinging Strike
1-1: Ball
2-1: Ball
3-1: Foul Ball, location: 2F
3-2: SINGLE (Groundball, 4MD)
Herschel Powell to second
Herschel Powell to third
Batting: SHB Kaleb Cowart 0-0: SINGLE (Line Drive, 7S)
Herschel Powell scores
DJ LeMahieu to second
Batting: RHB Cam Gallagher 0-0: Ball
1-0: Foul Ball, location: 2F
1-1: Fielders Choice at 2nd, 5-4 (Groundball, 5)
Bottom of the 6th over - 3 runs, 3 hits, 0 errors, 2 left on base; Baltimore 2 - Oakland 5
TOP OF THE 7TH
Baltimore Orioles batting - Pitching for Oakland Athletics : LHP J.A. Happ
Pitching: LHP Dario Alvarez
Batting: SHB Jorge Polanco 0-0: Ball
1-0: SINGLE (Groundball, 6S) (infield hit)
Batting: RHB Albert Almora 0-0: Ball
1-0: Ball
2-0: Ball
3-0: Called Strike
3-1: Called Strike
3-2: SINGLE (Line Drive, 3D)
Jorge Polanco to second
Batting: LHB Stephen Vogt 0-0: Ball
1-0: Ball
2-0: Ball
3-0: Called Strike
3-1: Foul Ball, location: 2F
3-2: Base on Balls
Jorge Polanco to third
Albert Almora to second
Batting: RHB Orlando Arcia 0-0: Swinging Strike
0-1: Ball
1-1: Foul Ball, location: 2F
1-2: Foul Ball, location: 2F
1-2: Ball
2-2: Ball
3-2: Strikes out looking
Pitching: RHP Matt Barnes
Batting: SHB Dexter Fowler 0-0: Called Strike
0-1: Ball
1-1: Called Strike
1-2: Strikes out swinging
Batting: LHB Nomar Mazara 0-0: Foul Ball, location: 2F
0-1: Ball
1-1: Ball
2-1: Foul Ball, location: 2F
2-2: Strikes out swinging
Top of the 7th over - 0 runs, 2 hits, 0 errors, 3 left on base; Baltimore 2 - Oakland 5
BOTTOM OF THE 7TH
Oakland Athletics batting - Pitching for Baltimore Orioles : RHP Joe Jimenez
Pitching: RHP Brandon Morrow
Batting: RHB Paul Goldschmidt 0-0: Ball
1-0: Foul Ball, location: 2F
1-1: Ground out 5-3 (Groundball, 56)
Batting: RHB Rhys Hoskins 0-0: Called Strike
0-1: Ball
1-1: Ball
2-1: Ball
3-1: Base on Balls
Batting: RHB Guillermo Heredia 0-0: Called Strike
0-1: Ball
1-1: Grounds into double play, 6-4-3 (Groundball, 6)
Bottom of the 7th over - 0 runs, 0 hits, 0 errors, 0 left on base; Baltimore 2 - Oakland 5
TOP OF THE 8TH
Baltimore Orioles batting - Pitching for Oakland Athletics : RHP Matt Barnes
Pitching: RHP Craig Kimbrel
Batting: LHB Rafael Devers 0-0: Swinging Strike
0-1: Foul Ball, location: 2F
0-2: Ball
1-2: Strikes out looking
Batting: RHB Jose Abreu 0-0: Foul Ball, location: 2F
0-1: Ball
1-1: Foul Ball, location: 2F
1-2: Ball
2-2: Ball
3-2: Base on Balls
Batting: LHB Shohei Ohtani 0-0: Foul Ball, location: 2F
0-1: Ball
1-1: Ball
2-1: Ball
3-1: Base on Balls
Jose Abreu to second
Batting: SHB Jorge Polanco 0-0: Foul Ball, location: 2F
0-1: Swinging Strike
0-2: Ball
1-2: Fly out, F8 (Flyball, 8RD)
Batting: RHB Albert Almora 0-0: Called Strike
0-1: Ball
1-1: Ball
2-1: Foul Ball, location: 2F
2-2: Foul Ball, location: 2F
2-2: Strikes out swinging
Top of the 8th over - 0 runs, 0 hits, 0 errors, 2 left on base; Baltimore 2 - Oakland 5
BOTTOM OF THE 8TH
Oakland Athletics batting - Pitching for Baltimore Orioles : RHP Brandon Morrow
Batting: RHB Chris Owings 0-0: Swinging Strike
0-1: SINGLE (Line Drive, 7S)
Batting: LHB Herschel Powell 0-0: Ball
1-0: Ball
Chris Owings steals 2nd base
2-0: Ball
3-0: Called Strike
3-1: Sac Bunt - play at third, runner safe!
Batting: RHB James McCann 0-0: Fielders Choice at 2nd, 1-6 (Groundball, 13)
Batting: RHB DJ LeMahieu 0-0: Ball
James McCann is caught stealing 2nd base
1-0: Foul Ball, location: 2F
1-1: Ground out 4-3 (Groundball, 4)
Bottom of the 8th over - 0 runs, 1 hit, 0 errors, 1 left on base; Baltimore 2 - Oakland 5
TOP OF THE 9TH
Baltimore Orioles batting - Pitching for Oakland Athletics : RHP Craig Kimbrel
Pitching: LHP Sean Doolittle
Batting: LHB Stephen Vogt 0-0: Ball
1-0: Ball
2-0: Called Strike
2-1: Foul Ball, location: 2F
2-2: Strikes out swinging
Batting: RHB Orlando Arcia 0-0: Ball
1-0: Ball
2-0: Called Strike
2-1: SINGLE (Groundball, 34D)
Batting: SHB Dexter Fowler 0-0: Called Strike
0-1: Ball
1-1: Ball
2-1: Foul Ball, location: 2F
2-2: Fly out, F4 (Line Drive, 4)
Batting: LHB Nomar Mazara 0-0: Ball
1-0: Called Strike
1-1: Fly out, F9 (Flyball, 9)
Top of the 9th over - 0 runs, 1 hit, 0 errors, 1 left on base; Baltimore 2 - Oakland 5
Thursday, June 28th, 2018 - OOTP Baseball 19.6 Build 53